TOP OF THE 1ST |
Penn State Nittany Lions batting - Pitching for Alabama Crimson Tide : RHP Charlie Willis
|
Pitching: RHP Charlie Willis
|
|
Batting: RHB Greg Coleman
|
0-0: Ball 1-0: Called Strike 1-1: Bunted foul 1-2: Ball 2-2: Strikes out swinging, 2-3 out at first.
|
Batting: SHB Craig Young
|
0-0: Ball 1-0: Called Strike 1-1: Foul Ball, location: 2F 1-2: Ball 2-2: Fly out, F6 (Popup, 6MD)
|
Batting: RHB Jeffrey Ball
|
0-0: Ball 1-0: Ball 2-0: Foul Ball, location: 2F 2-1: Foul Ball, location: 2F 2-2: Ball 3-2: Fly out, F7 (Flyball, 78M)
|
Top of the 1st over - 0 runs, 0 hits, 0 errors, 0 left on base; Penn State 0 - Alabama 0 |
BOTTOM OF THE 1ST |
Alabama Crimson Tide batting - Pitching for Penn State Nittany Lions : RHP Matt Sloane
|
Pitching: RHP Matt Sloane
|
|
Batting: LHB Tom York
|
0-0: Called Strike 0-1: Fly out, F9 (Flyball, 89M)
|
Batting: RHB Oscar Trent
|
0-0: Ball 1-0: Ball 2-0: Ground out 1-3 (Groundball, 15)
|
Batting: LHB Tracy Becker
|
0-0: Ball 1-0: Ball 2-0: Ball 3-0: Called Strike 3-1: Foul Ball, location: 2F 3-2: Base on Balls
|
Batting: RHB Shannon Watson
|
0-0: Ball 1-0: Ball 2-0: Foul Ball, location: 2F 2-1: Fielders Choice at 2nd, 5-4 (Groundball, 5)
|
Bottom of the 1st over - 0 runs, 0 hits, 0 errors, 1 left on base; Penn State 0 - Alabama 0 |
TOP OF THE 2ND |
Penn State Nittany Lions batting - Pitching for Alabama Crimson Tide : RHP Charlie Willis
|
Batting: LHB Simon Bush
|
0-0: Ball 1-0: TRIPLE (Flyball, 9LD)
|
Batting: RHB Francisco Alvarado
|
0-0: Ball 1-0: Ball 2-0: Called Strike 2-1: DOUBLE (Line Drive, 9D) Simon Bush scores
|
Batting: RHB Harlan Hughes
|
0-0: SINGLE (Groundball, 4MD) Francisco Alvarado to third Runner from 3rd tries for Home, SAFE, no throw
|
Batting: RHB Eric Gordon
|
0-0: Ball 1-0: Grounds into double play, 6-4-3 (Groundball, 6)
|
Batting: RHB Alfredo Rivera
|
0-0: Ball 1-0: Ball 2-0: Ball 3-0: Base on Balls
|
Batting: RHB Tom Oglethorpe
|
0-0: Swinging Strike 0-1: Ball 1-1: Ground out 3-1 (Groundball, 34S)
|
Top of the 2nd over - 2 runs, 3 hits, 0 errors, 1 left on base; Penn State 2 - Alabama 0 |
BOTTOM OF THE 2ND |
Alabama Crimson Tide batting - Pitching for Penn State Nittany Lions : RHP Matt Sloane
|
Batting: RHB Chris Bass
|
0-0: Ball 1-0: Ball 2-0: Fly out, F1 (Line Drive, 15)
|
Batting: RHB Mike Irvin
|
0-0: Ball 1-0: Ball 2-0: Ball 3-0: Called Strike 3-1: Called Strike 3-2: SINGLE (Line Drive, 7S)
|
Batting: RHB Paco Molina
|
0-0: Called Strike 0-1: Ball 1-1: Ball 2-1: Ball 3-1: Swinging Strike 3-2: Fly out, F7 (Line Drive, 78D)
|
Batting: SHB Wayne Coleman
|
0-0: Called Strike 0-1: Ball 1-1: Ball 2-1: Ball 3-1: Base on Balls Mike Irvin to second
|
Batting: RHB Len Valadez
|
0-0: Called Strike 0-1: Foul Ball, location: 2F 0-2: Ball 1-2: Strikes out swinging
|
Bottom of the 2nd over - 0 runs, 1 hit, 0 errors, 2 left on base; Penn State 2 - Alabama 0 |
TOP OF THE 3RD |
Penn State Nittany Lions batting - Pitching for Alabama Crimson Tide : RHP Charlie Willis
|
Batting: RHB Greg Coleman
|
0-0: Ball 1-0: Ball 2-0: Fly out, F4 (Popup, 4)
|
Batting: SHB Craig Young
|
0-0: Called Strike 0-1: Ball 1-1: Ball 2-1: Fly out, F7 (Flyball, 7S)
|
Batting: RHB Jeffrey Ball
|
0-0: Ball 1-0: Ball 2-0: Fly out, F4 (Popup, 23)
|
Top of the 3rd over - 0 runs, 0 hits, 0 errors, 0 left on base; Penn State 2 - Alabama 0 |
BOTTOM OF THE 3RD |
Alabama Crimson Tide batting - Pitching for Penn State Nittany Lions : RHP Matt Sloane
|
Batting: LHB Tom York
|
0-0: Called Strike 0-1: Ball 1-1: Foul Ball, location: 2F 1-2: Ball 2-2: Foul Ball, location: 2F 2-2: Strikes out swinging
|
Batting: RHB Oscar Trent
|
0-0: Swinging Strike 0-1: Ground out 5-3 (Groundball, 56)
|
Batting: LHB Tracy Becker
|
0-0: Called Strike 0-1: Called Strike 0-2: SINGLE (Line Drive, 9S)
|
Batting: RHB Shannon Watson
|
0-0: Ball 1-0: Ball 2-0: Ball 3-0: Foul Ball, location: 2F 3-1: DOUBLE (Line Drive, 7LS) Tracy Becker to third
|
Batting: RHB Chris Bass
|
0-0: Called Strike 0-1: Foul Ball, location: 2F 0-2: Ball 1-2: Foul Ball, location: 2F 1-2: Ball 2-2: DOUBLE (Line Drive, 7LM) Tracy Becker scores Shannon Watson scores
|
Batting: RHB Mike Irvin
|
0-0: Ball 1-0: Ball 2-0: Ball 3-0: Called Strike 3-1: Base on Balls
|
Batting: RHB Paco Molina
|
0-0: Swinging Strike 0-1: Ball 1-1: Foul Ball, location: 2F 1-2: Foul Ball, location: 2F 1-2: Ball 2-2: Ball 3-2: Foul Ball, location: 2F 3-2: Base on Balls Chris Bass to third Mike Irvin to second
|
Batting: SHB Wayne Coleman
|
0-0: Called Strike 0-1: Foul Ball, location: 2F 0-2: Ball 1-2: SINGLE (Flyball, 7S) Chris Bass scores Mike Irvin to third Paco Molina to second Runner from 3rd tries for Home, SAFE, no throw
|
Batting: RHB Len Valadez
|
0-0: Called Strike 0-1: Ball 1-1: Ball 2-1: Foul Ball, location: 2F 2-2: Strikes out swinging
|
Bottom of the 3rd over - 4 runs, 4 hits, 0 errors, 2 left on base; Penn State 2 - Alabama 4 |
TOP OF THE 4TH |
Penn State Nittany Lions batting - Pitching for Alabama Crimson Tide : RHP Charlie Willis
|
Batting: LHB Simon Bush
|
0-0: Ball 1-0: Foul Ball, location: 2F 1-1: Ball 2-1: Ground out 1-3 (Groundball, P)
|
Batting: RHB Francisco Alvarado
|
0-0: Called Strike 0-1: Ball 1-1: Foul Ball, location: 2F 1-2: Ball 2-2: Fly out, F7 (Flyball, 7LD)
|
Batting: RHB Harlan Hughes
|
0-0: Called Strike 0-1: Fly out, F9 (Flyball, 89S)
|
Top of the 4th over - 0 runs, 0 hits, 0 errors, 0 left on base; Penn State 2 - Alabama 4 |
BOTTOM OF THE 4TH |
Alabama Crimson Tide batting - Pitching for Penn State Nittany Lions : RHP Matt Sloane
|
Pitching: RHP Bruce Vázquez
|
|
Batting: LHB Tom York
|
0-0: Swinging Strike 0-1: Called Strike 0-2: Ball 1-2: Ground out 3-1 (Groundball, 34S)
|
Batting: RHB Oscar Trent
|
0-0: Ball 1-0: Called Strike 1-1: Swinging Strike 1-2: Strikes out looking
|
Batting: LHB Tracy Becker
|
0-0: Ball 1-0: Ball 2-0: Reached on error, E8 (Flyball, 8LD)
|
Batting: RHB Shannon Watson
|
0-0: Foul Ball, location: 2F 0-1: Ball 1-1: Ball 2-1: Foul Ball, location: 2F 2-2: Foul Ball, location: 2F 2-2: Fly out, F7 (Flyball, 7LS)
|
Bottom of the 4th over - 0 runs, 0 hits, 1 error, 1 left on base; Penn State 2 - Alabama 4 |
TOP OF THE 5TH |
Penn State Nittany Lions batting - Pitching for Alabama Crimson Tide : RHP Charlie Willis
|
Batting: RHB Eric Gordon
|
0-0: Ball 1-0: Ball 2-0: Ball 3-0: Swinging Strike 3-1: Base on Balls
|
Batting: RHB Alfredo Rivera
|
0-0: Called Strike 0-1: Foul Ball, location: 2F 0-2: Strikes out swinging
|
Batting: RHB Tom Oglethorpe
|
0-0: Swinging Strike 0-1: Fly out, F9 (Flyball, 9)
|
Batting: RHB Greg Coleman
|
0-0: Ball 1-0: Called Strike 1-1: Swinging Strike 1-2: Ball Eric Gordon steals 2nd base 2-2: Foul Ball, location: 2F 2-2: Foul Ball, location: 2F 2-2: Foul Ball, location: 2F 2-2: Foul Ball, location: 2F 2-2: Ball 3-2: Strikes out swinging
|
Top of the 5th over - 0 runs, 0 hits, 0 errors, 1 left on base; Penn State 2 - Alabama 4 |
BOTTOM OF THE 5TH |
Alabama Crimson Tide batting - Pitching for Penn State Nittany Lions : RHP Bruce Vázquez
|
Batting: RHB Chris Bass
|
0-0: Foul Ball, location: 2F 0-1: Foul Ball, location: 2F 0-2: Ball 1-2: Strikes out swinging
|
Batting: RHB Mike Irvin
|
0-0: Ball 1-0: Called Strike 1-1: Foul Ball, location: 2F 1-2: Foul Ball, location: 2F 1-2: Foul Ball, location: 2F 1-2: Ball 2-2: Foul Ball, location: 2F 2-2: Ball 3-2: Ground out 5-3 (Groundball, 5L)
|
Batting: RHB Paco Molina
|
0-0: Fly out, F7 (Flyball, 7)
|
Bottom of the 5th over - 0 runs, 0 hits, 0 errors, 0 left on base; Penn State 2 - Alabama 4 |
TOP OF THE 6TH |
Penn State Nittany Lions batting - Pitching for Alabama Crimson Tide : RHP Charlie Willis
|
Batting: SHB Craig Young
|
0-0: Foul Ball, location: 2F 0-1: Foul Ball, location: 2F 0-2: Fly out, F7 (Line Drive, 7)
|
Batting: RHB Jeffrey Ball
|
0-0: Ball 1-0: Foul Ball, location: 2F 1-1: Ball 2-1: Foul Ball, location: 2F 2-2: SINGLE (Line Drive, 8RS)
|
Pitching: LHP Richard Garrett
|
|
Batting: LHB Simon Bush
|
0-0: Ball 1-0: Ball 2-0: Ball 3-0: Base on Balls Jeffrey Ball to second
|
Batting: RHB Francisco Alvarado
|
0-0: Ball Jeffrey Ball steals 3rd base Simon Bush to second 1-0: Ball 2-0: Called Strike 2-1: Called Strike 2-2: Foul Ball, location: 2F 2-2: Foul Ball, location: 2F 2-2: Ball 3-2: Foul Ball, location: 2F 3-2: Ground out 6-3 (Groundball, 6M)
|
Batting: RHB Harlan Hughes
|
0-0: Ball 1-0: Foul Ball, location: 2F 1-1: Ball 2-1: SINGLE (Flyball, 8RS) Jeffrey Ball scores Simon Bush to third Runner from 3rd tries for Home, SAFE, no throw
|
Batting: RHB Eric Gordon
|
0-0: Ball 1-0: Foul Ball, location: 2F 1-1: Ball 2-1: SINGLE (Groundball, 4D) Harlan Hughes to second Runner from 2nd tries for 3rd, SAFE, no throw
|
Batting: RHB Alfredo Rivera
|
0-0: Called Strike 0-1: Ball 1-1: Ball 2-1: Swinging Strike 2-2: Foul Ball, location: 2F 2-2: Foul Ball, location: 2F 2-2: Ball 3-2: Base on Balls Eric Gordon to second
|
Batting: RHB Tom Oglethorpe
|
0-0: Ground out 4-3 (Groundball, 4)
|
Top of the 6th over - 2 runs, 3 hits, 0 errors, 3 left on base; Penn State 4 - Alabama 4 |
BOTTOM OF THE 6TH |
Alabama Crimson Tide batting - Pitching for Penn State Nittany Lions : RHP Bruce Vázquez
|
Batting: SHB Wayne Coleman
|
0-0: Called Strike 0-1: Fly out, F9 (Flyball, 9S)
|
Batting: RHB Len Valadez
|
0-0: Foul Ball, location: 2F 0-1: Swinging Strike 0-2: SINGLE (Groundball, 15S) (infield hit)
|
Batting: LHB Tom York
|
0-0: Ball 1-0: Ball 2-0: Foul Ball, location: 2F 2-1: Ball 3-1: Base on Balls Len Valadez to second
|
Batting: RHB Oscar Trent
|
0-0: Ball Len Valadez steals 3rd base Tom York to second 1-0: Ball 2-0: Ball 3-0: Fly out, F7 (Line Drive, 7) Runner from 3rd tags up, SCORES, no throw
|
Batting: LHB Tracy Becker
|
0-0: Called Strike 0-1: Ground out 4-3 (Groundball, 4)
|
Bottom of the 6th over - 1 run, 1 hit, 0 errors, 1 left on base; Penn State 4 - Alabama 5 |
TOP OF THE 7TH |
Penn State Nittany Lions batting - Pitching for Alabama Crimson Tide : LHP Richard Garrett
|
Batting: RHB Greg Coleman
|
0-0: Ball 1-0: Ball 2-0: Called Strike 2-1: Fly out, F7 (Flyball, 7S)
|
Batting: SHB Craig Young
|
0-0: Ball 1-0: Ball 2-0: Called Strike 2-1: Called Strike 2-2: Strikes out swinging
|
Batting: RHB Jeffrey Ball
|
0-0: Called Strike 0-1: Foul Ball, location: 2F 0-2: Strikes out swinging
|
Top of the 7th over - 0 runs, 0 hits, 0 errors, 0 left on base; Penn State 4 - Alabama 5 |
BOTTOM OF THE 7TH |
Alabama Crimson Tide batting - Pitching for Penn State Nittany Lions : RHP Bruce Vázquez
|
Batting: RHB Shannon Watson
|
0-0: Ball 1-0: Ball 2-0: Ground out 5-3 (Groundball, 5S)
|
Batting: RHB Chris Bass
|
0-0: Called Strike 0-1: Ball 1-1: Ground out 4-3 (Groundball, 4)
|
Batting: RHB Mike Irvin
|
0-0: Ball 1-0: Foul Ball, location: 2F 1-1: Called Strike 1-2: Single, Error in OF, E8, batter to second base
|
Pinch Hitting: SHB Steve Ellzey
|
0-0: Called Strike 0-1: Ball 1-1: Ball 2-1: Ball 3-1: Base on Balls
|
Pitching: LHP Frank Chaney
|
|
Batting: SHB Wayne Coleman
|
0-0: Ball 1-0: Called Strike 1-1: Ball 2-1: Ball 3-1: Foul Ball, location: 2F 3-2: SINGLE (Flyball, 7LS) Mike Irvin to third Steve Ellzey to second Mike Irvin scores Steve Ellzey to third
|
Batting: RHB Len Valadez
|
0-0: Ball 1-0: Foul Ball, location: 2F 1-1: Called Strike 1-2: Foul Ball, location: 2F 1-2: Ball 2-2: Foul Ball, location: 2F 2-2: Ball 3-2: Base on Balls Wayne Coleman to second
|
Batting: LHB Tom York
|
0-0: Ball 1-0: Ball 2-0: Foul Ball, location: 2F 2-1: Ball 3-1: Base on Balls Steve Ellzey scores Wayne Coleman to third Len Valadez to second
|
Batting: RHB Oscar Trent
|
0-0: Ball 1-0: Swinging Strike 1-1: Ball 2-1: Ball 3-1: Foul Ball, location: 2F 3-2: Base on Balls Wayne Coleman scores Len Valadez to third Tom York to second
|
Batting: LHB Tracy Becker
|
0-0: Ball 1-0: GRAND SLAM HOME RUN (Flyball, 9LD), Distance : 333 ft
|
Batting: RHB Shannon Watson
|
0-0: Ball 1-0: Fly out, F9 (Flyball, 89D)
|
Bottom of the 7th over - 7 runs, 3 hits, 1 error, 0 left on base; Penn State 4 - Alabama 12 |
TOP OF THE 8TH |
Penn State Nittany Lions batting - Pitching for Alabama Crimson Tide : LHP Richard Garrett
|
Now at 1B: Steve Ellzey
|
|
Batting: LHB Simon Bush
|
0-0: Called Strike 0-1: Ball 1-1: Ball 2-1: Foul Ball, location: 2F 2-2: Foul Ball, location: 2F 2-2: Foul Ball, location: 2F 2-2: Foul Ball, location: 2F 2-2: Fly out, F7 (Line Drive, 7)
|
Batting: RHB Francisco Alvarado
|
0-0: Ball 1-0: Foul Ball, location: 2F 1-1: Called Strike 1-2: Foul Ball, location: 2F 1-2: Strikes out swinging
|
Batting: RHB Harlan Hughes
|
0-0: Foul Ball, location: 2F 0-1: Ball 1-1: Fly out, F9 (Flyball, 89D)
|
Top of the 8th over - 0 runs, 0 hits, 0 errors, 0 left on base; Penn State 4 - Alabama 12 |
BOTTOM OF THE 8TH |
Alabama Crimson Tide batting - Pitching for Penn State Nittany Lions : LHP Frank Chaney
|
Batting: RHB Chris Bass
|
0-0: Foul Ball, location: 2F 0-1: Ball 1-1: Ball 2-1: Fly out, F6 (Line Drive, 56D)
|
Batting: RHB Mike Irvin
|
0-0: Called Strike 0-1: Ball 1-1: Ball 2-1: Swinging Strike 2-2: Ball 3-2: Strikes out looking
|
Batting: SHB Steve Ellzey
|
0-0: SINGLE (Groundball, 6MD)
|
Batting: SHB Wayne Coleman
|
0-0: Called Strike 0-1: Ball 1-1: Ground out 6-3 (Groundball, 56)
|
Bottom of the 8th over - 0 runs, 1 hit, 0 errors, 1 left on base; Penn State 4 - Alabama 12 |
TOP OF THE 9TH |
Penn State Nittany Lions batting - Pitching for Alabama Crimson Tide : LHP Richard Garrett
|
Batting: RHB Eric Gordon
|
0-0: Ball 1-0: Foul Ball, location: 2F 1-1: Ground out 4-3 (Groundball, 34)
|
Batting: RHB Alfredo Rivera
|
0-0: Ground out 4-3 (Groundball, 4)
|
Batting: RHB Tom Oglethorpe
|
0-0: Ball 1-0: Swinging Strike 1-1: Ball 2-1: Foul Ball, location: 2F 2-2: Ball 3-2: Strikes out looking
|
Top of the 9th over - 0 runs, 0 hits, 0 errors, 0 left on base; Penn State 4 - Alabama 12 |
|